 Dungeon Crawl Stone Soup version 0.21-a0-184-g9126a74 (webtiles) character file.

200 Jeffwins the Skirmisher (level 5, 0/55 HPs)
             Began as an Ogre Wizard on Aug 12, 2017.
             Slain by a jackal (1 damage)
             ... on level 2 of the Dungeon.
             The game lasted 00:04:38 (3037 turns).

Jeffwins the Skirmisher (Ogre Wizard)               Turns: 3037, Time: 00:04:39

Health: 0/55       AC:  3    Str:  8 (11) XL:     5   Next: 79%
Magic:  10/10      EV:  9    Int: 18 (20) God:
Gold:   206        SH:  0    Dex:  5 (7)  Spells: 10/11 levels left

rFire    . . .     SeeInvis .   g - +0 spear
rCold    . . .     Gourm    .   (no shield)
rNeg     . . .     Faith    .   a - +0 robe
rPois    .         Spirit   .   b - +0 hat
rElec    .         Reflect  .   (no cloak)
rCorr    .         Harm     .   (gloves unavailable)
MR       .....                  (boots unavailable)
Stlth    +.........             (no amulet)
HPRegen  0.18/turn              (no ring)
MPRegen  0.12/turn              (no ring)

@: no status effects
A: unfitting armour, tough skin 1
a: no special abilities


You were on level 2 of the Dungeon.
You were not hungry.

You visited 1 branch of the dungeon, and saw 3 of its levels.

You collected 206 gold pieces.

Inventory:

Hand Weapons
 e - a +0 club
 g - a +0 spear (weapon)
 o - a +2 dagger of speed
 q - a +2 antimagic short sword
Armour
 a - a +0 robe (worn)
 b - a +0 hat (worn)
Wands
 r - a wand of digging (21/24)
 t - a wand of polymorph (3/24)
Scrolls
 f - a scroll of noise {unknown}
 h - a scroll of remove curse {unknown}
 i - a scroll of amnesia {unknown}
 j - 3 scrolls of teleportation {unknown}
 k - a scroll of enchant armour {unknown}
 m - a scroll of recharging {unknown}
 n - a scroll of identify {unknown}
 u - a scroll of immolation {unknown}
 v - a scroll of enchant weapon {unknown}
Books
 c - a book of Minor Magic

   Spells                             Type                      Level
   a - Magic Dart                     Conjuration                  1
   b - Blink                          Translocation                2
   c - Call Imp                       Summoning                    2
   d - Slow                           Hexes                        2
   e - Conjure Flame                  Conjuration/Fire             3
   f - Mephitic Cloud                 Conjuration/Poison/Air       3
Comestibles
 d - 2 bread rations
 l - 2 meat rations
 p - a royal jelly


   Skills:
 + Level 4.3 Fighting
 * Level 4.0 Polearms
 - Level 1.7 Dodging
 - Level 1.4 Stealth
 - Level 3.6 Spellcasting
 - Level 0.8 Conjurations
   Level 0.8 Summonings
   Level 0.8 Translocations


You had 10 spell levels left.
You knew the following spells:

 Your Spells              Type           Power        Failure   Level  Hunger
a - Magic Dart            Conj           #...         11%         1    None


Dungeon Overview and Level Annotations

Branches:
Dungeon (3/15)

Altars:


Innate Abilities, Weirdness & Mutations

You are too large for most types of armour.
You have tough skin. (AC +1)


Message History

Attack whom?
Press: ? - help, Dir - move target cursor, f/p - jackal
Aim: a jackal (almost dead)
You closely miss the jackal.
The jackal is almost dead.
The jackal bites you.
* * * LOW HITPOINT WARNING * * *
The jackal bites you but does no damage.
The jackal bites you.
* * * LOW HITPOINT WARNING * * *
You aren't carrying any potions.
Attack whom?
Press: ? - help, Dir - move target cursor, f/p - jackal
Aim: a jackal (almost dead)
You closely miss the jackal.
The jackal is almost dead.
The jackal bites you.
* * * LOW HITPOINT WARNING * * *
The jackal bites you.
You die...

.......##....####......# #.#
........+.....#........#####.#
........#.....#.#......'...#.#
.#+#...................###.#.#
..............#.#.#)...# #...#
....)..............>...# #####
#.............#.#......#
#.......#'#.#.#+#...#'##
......###.#....h@...#.#
..........#....h†...#.#
........###........(#.#####
..........................#
................#.........#####
.............<#.#.............#
...(.........<#'#......#.##.#.#
......#.......).....#'..#..#..#
....................#..#(##.#.#


You could see 2 jackals.

Vanquished Creatures
  Jessica (D:2)
  Natasha (thrice) (D:2)
  A gnoll (D:2)
  2 adders
  An ooze (D:1)
  3 dart slugs
  A leopard gecko (D:1)
  An orc (D:2)
  6 bats
  4 giant cockroaches
  11 goblins
  7 hobgoblins
  5 jackals
  A quokka (D:2)
  6 frilled lizards
  5 kobolds
  5 rats
63 creatures vanquished.

Notes
Turn   | Place    | Note
-------+----------+-------------------------------------------
     0 | D:1      | Jeffwins the Ogre Wizard began the quest for the Orb.
     0 | D:1      | Reached XP level 1. HP: 16/16 MP: 5/5
    45 | D:1      | Reached skill level 1 in Fighting
   352 | D:1      | Reached XP level 2. HP: 23/28 MP: 6/6
   391 | D:1      | Reached skill level 1 in Polearms
   571 | D:1      | Reached XP level 3. HP: 29/36 MP: 8/8
  1440 | D:2      | Noticed Jessica
  1440 | D:2      | Noticed Natasha
  1463 | D:2      | Killed Natasha
  1463 | D:2      | Reached XP level 4. HP: 15/45 MP: 3/9
  1676 | D:2      | Killed Jessica
  1761 | D:2      | Noticed Natasha
  1786 | D:2      | Killed Natasha
  1786 | D:2      | Reached XP level 5. HP: 17/54 MP: 10/10
  2123 | D:2      | Noticed Natasha
  2146 | D:2      | Killed Natasha
  3036 | D:2      | HP: 2/55 [jackal (2)]
  3037 | D:2      | Slain by a jackal

Vault maps used:
D:1:      dpeg_arrival_rooms_c
D:2:      cheibrodos_greedy_goblins, first_bread, minmay_small_reverse_x,
          uniq_jessica, uniq_natasha
D:3:      portal_sewer_entry_e, corexii_shack, uniq_robin

Skill      XL: |  1  2  3  4  5 |
---------------+----------------+-----
Fighting       | 1 2 3 4 |  4.3
Polearms       | 1 2 3 4 |  4.0
Dodging        | |  1.7
Stealth        | |  1.4
Spellcasting   | |  3.6
Conjurations   | |  0.8
Summonings     | |  0.8
Translocations | |  0.8

Action                   |  1- 3 |  4- 6 || total
-------------------------+-------+-------++-------
Melee: Spear             |    77 |   138 ||   215
       Club              |     9 |       ||     9
       Dagger            |    47 |       ||    47
       Short sword       |    14 |     6 ||    20
       Unarmed           |       |    19 ||    19
 Cast: Magic Dart        |    13 |     1 ||    14
  Use: Potion            |     1 |     3 ||     4
 Stab: Sleeping          |     1 |     1 ||     2
  Eat: Chunk             |     2 |     5 ||     7
Armor: Robe              |    35 |    23 ||    58
       Skin              |       |     8 ||     8
Dodge: Dodged            |    78 |    66 ||   144
